[Event "Titled Tuesday Blitz December 13 Early 2022"]
[White "Javakhishvili, Lela"]
[Black "Buscar, Michael"]
[WhiteFideId "13601458"]
[BlackFideId "2603616"]
[WhiteElo "2364"]
[BlackElo "2010"]
[Result "0-1"]
[Round "08"]
[TimeControl "180+1"]
[Date "2022.12.14"]
[WhiteClock "0:00:08"]
[BlackClock "0:00:21"]

1. d4 d5 2. c4 e6 3. Nc3 c5 4. cxd5 exd5 5. Nf3 Nc6 6. dxc5 d4 7. Na4 Bxc5 8. Nxc5 Qa5+ 9. Bd2 Qxc5 10. Rc1 Qb6 11. e3 dxe3 12. Bxe3 Qxb2 13. Bc4 Nge7 14. O-O O-O 15. Ng5 Bf5 16. Bc5 Qf6 17. Qh5 Bg6 18. Qg4 Ne5 19. Ne4 Nxg4 20. Nxf6+ Nxf6 21. Bxe7 Rfc8 22. Bxf6 gxf6 23. Bd5 Rxc1 24. Rxc1 Rd8 25. Bxb7 Rd2 26. a4 Ra2 27. Bc6 Bc2 28. g4 Bxa4 29. Bd5 Rd2 30. Rc8+ Kg7 31. Be4 Bd7 32. Rc7 a5 33. h3 a4 34. Ra7 Rd4 35. f3 Be6 36. Kf2 Rb4 37. Kg3 Bb3 38. h4 Rd4 39. h5 h6 40. Kf2 Rd2+ 41. Ke3 Ra2 42. Kf4 Ra1 43. Bg6 a3 44. Be4 a2 0-1


[Site "https://www.chess.com"]

[Event "Titled Tuesday Blitz December 13 Early 2022"]
[White "Jimenez Almeida, Luis David"]
[Black "Haddouche, Mohamed"]
[WhiteFideId "22242244"]
[BlackFideId "7900660"]
[WhiteElo "2158"]
[BlackElo "2443"]
[Result "0-1"]
[Round "08"]
[TimeControl "180+1"]
[Date "2022.12.14"]
[WhiteClock "0:00:26"]
[BlackClock "0:00:03"]

1. e4 e5 2. Nf3 Nc6 3. Bb5 g6 4. d4 exd4 5. Nxd4 Bg7 6. Be3 Nf6 7. Nc3 O-O 8. Qd2 Re8 9. f3 Nxd4 10. Bxd4 c6 11. Be2 d5 12. exd5 Bf5 13. O-O-O cxd5 14. g4 Be6 15. h4 h5 16. g5 Nd7 17. Bxg7 Kxg7 18. Qd4+ Kg8 19. Rhe1 Nb6 20. Bd3 Qd6 21. Ne4 Qf4+ 22. Kb1 dxe4 23. Bxe4 Qxh4 24. Qf6 Nd7 25. Qd4 Qxg5 26. Rg1 Qf6 27. Qe3 Nf8 28. Qh6 Rad8 29. Rdf1 Qg7 30. Qf4 Bd5 31. Bd3 Ne6 32. Qh4 Nf8 33. f4 Be4 34. Be2 Rd2 35. Bxh5 Rxc2 36. Ka1 Qxb2# 0-1


[Site "https://www.chess.com"]

[Event "Titled Tuesday Blitz December 13 Early 2022"]
[White "Jobava, Baadur"]
[Black "Ohanyan, Emin"]
[WhiteFideId "13601520"]
[BlackFideId "13312022"]
[WhiteElo "2582"]
[BlackElo "2352"]
[Result "1-0"]
[Round "08"]
[TimeControl "180+1"]
[Date "2022.12.13"]
[WhiteClock "0:00:33"]
[BlackClock "0:00:01"]

1. e4 e5 2. Nf3 Nc6 3. c3 Nf6 4. d3 d5 5. Qc2 Bc5 6. Be2 a5 7. a4 O-O 8. O-O Re8 9. h3 h6 10. Re1 Be6 11. Na3 dxe4 12. dxe4 Nh5 13. Nb5 Bb6 14. Bf1 Qf6 15. Be3 Bxe3 16. Rxe3 Rac8 17. g3 g5 18. Nh2 Qe7 19. Ng4 Kg7 20. Rd1 Nf6 21. Nxf6 Qxf6 22. Kg2 Qe7 23. Be2 Red8 24. Bg4 Rxd1 25. Qxd1 Rd8 26. Qc2 Bxg4 27. hxg4 Nb8 28. Rd3 c6 29. Na3 Rxd3 30. Qxd3 Nd7 31. Nc4 Nc5 32. Qc2 Qc7 33. Ne3 Qd7 34. Nc4 Qc7 35. b4 axb4 36. cxb4 Ne6 37. Ne3 Nd4 38. Qc4 f6 39. a5 Qf7 40. Qc5 Qd7 41. Qa7 Nb5 42. Qb8 Nd4 43. Qa7 Nb5 44. Nf5+ Kh7 45. Qc5 Nd4 46. Qd6 Qxd6 47. Nxd6 Nc2 48. Nxb7 Nxb4 49. Nc5 Nd3 50. Nxd3 1-0


[Site "https://www.chess.com"]

[Event "Titled Tuesday Blitz December 13 Early 2022"]
[White "Kamsky, Gata"]
[Black "Rakhmanov, Aleksandr"]
[WhiteFideId "2000024"]
[BlackFideId "4173708"]
[WhiteElo "2666"]
[BlackElo "2530"]
[Result "1-0"]
[Round "08"]
[TimeControl "180+1"]
[Date "2022.12.13"]
[WhiteClock "0:00:14"]
[BlackClock "0:00:08"]

1. d4 Nf6 2. Bf4 d6 3. Nf3 Nbd7 4. h3 c5 5. e3 b6 6. Be2 Bb7 7. O-O g6 8. a4 a6 9. c4 Bg7 10. Nc3 O-O 11. a5 bxa5 12. d5 Rb8 13. Qa4 Bc8 14. Rfb1 Rb4 15. Qxa5 Qxa5 16. Rxa5 Nh5 17. Bd3 Nxf4 18. exf4 Nb6 19. Nd2 Rxb2 20. Rxb2 Bxc3 21. Rba2 Bxa5 22. Rxa5 Bb7 23. f5 Rb8 24. fxg6 hxg6 25. h4 Nd7 26. f4 Bc8 27. Ne4 Rb3 28. Bf1 Nb6 29. Ra1 Rb4 30. Nd2 Rb2 31. Ne4 Kg7 32. Ng5 Rb4 33. Re1 Kf8 34. Nh7+ Ke8 35. Nf6+ Kd8 36. Ng8 e6 37. Nh6 Ke7 38. dxe6 fxe6 39. f5 gxf5 40. Nxf5+ Kd7 41. Ne3 Bb7 42. Bd3 Rb3 43. Bg6 Nc8 44. h5 Bc6 45. h6 Ne7 46. Bf7 Rb8 47. Bxe6+ Kc7 48. Rf1 Rh8 49. Rf7 Kd8 50. h7 Be8 51. Rg7 Ng6 52. Bf5 Nf8 53. Nd5 Bd7 54. Bxd7 Rxh7 55. Rg8 Kxd7 56. Rxf8 Rg7 57. Ra8 Ke6 58. Rxa6 Ke5 59. Ra4 Kd4 60. Kf2 Rf7+ 61. Kg3 Rg7+ 62. Kf3 Rf7+ 63. Nf4 Ke5 64. g3 Kd4 65. Kg4 Rg7+ 66. Kh4 Rh7+ 67. Nh5 Rh8 68. g4 Rf8 69. g5 Rf1 70. g6 Ke5 71. Kg5 Rg1+ 72. Kh6 Kf5 73. g7 1-0


[Site "https://www.chess.com"]

[Event "Titled Tuesday Blitz December 13 Early 2022"]
[White "Keymer, Vincent"]
[Black "Babazada, Khazar"]
[WhiteFideId "12940690"]
[BlackFideId "13413554"]
[WhiteElo "2600"]
[BlackElo "2359"]
[Result "0-1"]
[Round "08"]
[TimeControl "180+1"]
[Date "2022.12.13"]
[WhiteClock "0:00:04"]
[BlackClock "0:00:43"]

1. Nf3 d6 2. d4 Nd7 3. c4 Ngf6 4. Nc3 e5 5. g3 g6 6. Bg2 Bg7 7. O-O O-O 8. e4 a6 9. h3 exd4 10. Nxd4 Re8 11. Be3 Rb8 12. b3 c5 13. Nde2 b5 14. Qxd6 b4 15. Na4 Nxe4 16. Bxe4 Rxe4 17. Rad1 Qe8 18. Nxc5 Rxe3 19. Nxd7 Bxd7 20. fxe3 Bxh3 21. Rf2 Be5 22. Qd5 Bg4 23. Kg2 Be6 24. Qf3 h5 25. Rd2 Rb6 26. Nf4 Bg4 27. Qd5 Rd6 28. Qe4 Bf5 29. Qf3 Rxd2 30. Rxd2 Bc3 31. Qe2 Qe4+ 32. Kg1 Bxd2 33. Qxd2 Qf3 34. Qf2 Qd1+ 35. Qf1 Qd2 36. Qf2 Qc1+ 37. Kh2 Be4 38. Ng2 a5 39. Qe2 Kf8 40. Ne1 Qc3 41. Kg1 Qe5 42. Kf2 Qf5+ 43. Kg1 Qh3 44. Qh2 Qd7 45. Qf2 Qd1 46. Kh2 Ke7 47. Ng2 Qc2 48. Qxc2 Bxc2 49. Nf4 Bb1 50. Nd5+ Kd6 51. Nf6 Bxa2 52. Ne4+ Kc6 53. Nd2 Bxb3 54. Nxb3 a4 55. Nd2 Kc5 56. Kg2 b3 57. Kf2 Kb4 58. Ke2 a3 59. c5 a2 0-1


[Site "https://www.chess.com"]

[Event "Titled Tuesday Blitz December 13 Early 2022"]
[White "Khamdamova, Afruza"]
[Black "Zaksaite, Salomeja"]
[WhiteFideId "14210444"]
[BlackFideId "12801496"]
[WhiteElo "2018"]
[BlackElo "2079"]
[Result "0-1"]
[Round "08"]
[TimeControl "180+1"]
[Date "2022.12.14"]
[WhiteClock "0:00:10"]
[BlackClock "0:01:49"]

1. e4 e5 2. Nf3 Nc6 3. Bb5 a6 4. Ba4 Nf6 5. O-O Nxe4 6. d4 b5 7. Bb3 d5 8. dxe5 Be6 9. c3 Bc5 10. Nbd2 O-O 11. Bc2 Nxf2 12. Rxf2 f6 13. exf6 Qxf6 14. Nb3 Bxf2+ 15. Kxf2 Ne5 16. Nd4 Bg4 17. Kg1 c5 18. Ne2 Nxf3+ 19. gxf3 Qxf3 20. Qd3 Qf2+ 21. Kh1 Bf3+ 0-1


[Site "https://www.chess.com"]

[Event "Titled Tuesday Blitz December 13 Early 2022"]
[White "Khandelwal, Ankush"]
[Black "Budrewicz, Krzysztof"]
[WhiteFideId "413470"]
[BlackFideId "1127950"]
[WhiteElo "2271"]
[BlackElo "2188"]
[Result "0-1"]
[Round "08"]
[TimeControl "180+1"]
[Date "2022.12.14"]
[WhiteClock "0:00:06"]
[BlackClock "0:00:55"]

1. e4 g6 2. d4 Bg7 3. Nc3 d6 4. Bf4 a6 5. Nf3 Bg4 6. Qd2 Bxf3 7. gxf3 Nc6 8. Be3 e5 9. dxe5 dxe5 10. Qxd8+ Rxd8 11. Nd5 Rd7 12. O-O-O Nd4 13. Bh3 Rxd5 14. exd5 Ne7 15. Bxd4 exd4 16. Rhe1 Kd8 17. c4 dxc3 18. bxc3 Bxc3 19. d6 Nc6 20. Re3 Be5 21. dxc7+ Kxc7 22. Rd7+ Kb6 23. Rb3+ Kc5 24. Rbxb7 Bf4+ 25. Kb1 Re8 26. Rxf7 Re1+ 27. Kc2 Rc1+ 28. Kb2 Rc4 29. Rxh7 Bxh2 30. Be6 Be5+ 31. Kb1 Rd4 32. Bd7 Nb4 33. Ba4 Nd3 34. Rhe7 Rxa4 35. Rbd7 Rd4 36. Rxd4 Bxd4 37. Re6 g5 38. Rxa6 Bxf2 39. Rg6 Be3 40. Kc2 Ne5 41. Rg8 Nxf3 42. Rc8+ Kd4 43. Rd8+ Ke4 44. Re8+ Ne5 45. a4 g4 46. a5 g3 47. Rg8 Kf3 48. a6 Ng4 49. Kd3 g2 50. Rf8+ Bf4 51. Rxf4+ Kxf4 52. a7 g1=Q 53. a8=Q Qd1+ 54. Kc4 Qc2+ 55. Kb5 Qb3+ 56. Kc5 Nf6 57. Qa1 Ne4+ 58. Kc6 Qc4+ 59. Kd7 Qd5+ 60. Kc7 Qc5+ 61. Kd7 Qd6+ 62. Kc8 Qc6+ 63. Kd8 Qb6+ 64. Kd7 Nc5+ 65. Ke7 Qe6+ 66. Kf8 Nd7+ 67. Kg7 Qe7+ 68. Kg6 Ne5+ 69. Kh5 Qg5# 0-1


[Site "https://www.chess.com"]

[Event "Titled Tuesday Blitz December 13 Early 2022"]
[White "Khoroshev, Nikita"]
[Black "Ezat, Mohamed"]
[WhiteFideId "14200287"]
[BlackFideId "10600906"]
[WhiteElo "2354"]
[BlackElo "2388"]
[Result "1-0"]
[Round "08"]
[TimeControl "180+1"]
[Date "2022.12.14"]
[WhiteClock "0:01:26"]
[BlackClock "0:00:02"]

1. d4 Nf6 2. c4 g6 3. Nc3 Bg7 4. e4 d6 5. h3 O-O 6. Be3 e5 7. dxe5 dxe5 8. Nf3 c6 9. Qxd8 Rxd8 10. Be2 Na6 11. O-O Be6 12. a3 Nh5 13. Rfd1 Nf4 14. Bf1 b6 15. b4 Nc7 16. Kh2 h6 17. g3 Nh5 18. Rac1 Kf8 19. c5 b5 20. Rd6 Rxd6 21. cxd6 Ne8 22. Bc5 Bd7 23. a4 a6 24. Ra1 Rc8 25. axb5 axb5 26. Ra7 Nef6 27. Nxe5 Ke8 28. f4 Bf8 29. Bg2 Ng7 30. Nxd7 Nxd7 31. e5 Ne6 32. Ne4 Bg7 33. h4 g5 34. hxg5 hxg5 35. Bh3 gxf4 36. gxf4 1-0


[Site "https://www.chess.com"]

[Event "Titled Tuesday Blitz December 13 Early 2022"]
[White "Kirillov, Dmitry"]
[Black "Stijve, Theo"]
[WhiteFideId "34180572"]
[BlackFideId "1331132"]
[WhiteElo "2111"]
[BlackElo "2256"]
[Result "1-0"]
[Round "08"]
[TimeControl "180+1"]
[Date "2022.12.14"]
[WhiteClock "0:00:08"]
[BlackClock "0:00:17"]

1. e4 e5 2. Nf3 Nf6 3. Nxe5 Nxe4 4. Qe2 Qe7 5. Qxe4 d6 6. d4 dxe5 7. dxe5 Nc6 8. Bf4 g5 9. Bd2 f5 10. Qa4 Qxe5+ 11. Be2 Qxb2 12. O-O Bg7 13. Nc3 Bxc3 14. Rab1 Qxb1 15. Bxc3 Qb6 16. Bh5+ Kd8 17. Rd1+ Bd7 18. Bxh8 Qb4 19. Bf6+ Kc8 20. Qxb4 Nxb4 21. Be8 c6 22. Bxd7+ Kc7 23. Be5+ Kb6 24. Bxf5 Nxa2 25. c3 Re8 26. Rb1+ Ka6 27. Bd4 c5 28. Bd3+ Ka5 29. Bxc5 a6 30. Ra1 Ka4 31. Bc4 Re1+ 32. Rxe1 b5 33. Bxa2 b4 34. Bxb4 a5 35. Re5 axb4 36. cxb4 Kxb4 37. Rxg5 Ka3 38. Rh5 1-0


[Site "https://www.chess.com"]

[Event "Titled Tuesday Blitz December 13 Early 2022"]
[White "Kleiman, Jake"]
[Black "Tan, Zhongyi"]
[WhiteFideId "2020041"]
[BlackFideId "8603642"]
[WhiteElo "2584"]
[BlackElo "2510"]
[Result "0-1"]
[Round "08"]
[TimeControl "180+1"]
[Date "2022.12.14"]
[WhiteClock "0:00:06"]
[BlackClock "0:01:02"]

1. e4 c5 2. c3 Nf6 3. e5 Nd5 4. Bc4 e6 5. Nf3 Nc6 6. d4 cxd4 7. cxd4 d6 8. Qe2 dxe5 9. dxe5 Bb4+ 10. Nbd2 Nf4 11. Qe4 Ng6 12. a3 Ba5 13. b4 Bc7 14. Bb2 O-O 15. h4 h6 16. h5 Nge7 17. Bd3 Nf5 18. g4 a5 19. b5 Nce7 20. gxf5 exf5 21. Qe2 Be6 22. Bc4 Nd5 23. O-O Rc8 24. Rfc1 Bb6 25. Kh1 Nf4 26. Qf1 Bd5 27. Kh2 Be4 28. Rc3 Bd4 29. Nxd4 Qh4+ 30. Rh3 Nxh3 31. Nxe4 Nxf2+ 32. Kg2 Nxe4 33. Nxf5 Qg4+ 34. Kh2 Nd2 35. Nxh6+ gxh6 36. Qf2 Nf3+ 37. Kh1 Qh3+ 0-1


[Site "https://www.chess.com"]

[Event "Titled Tuesday Blitz December 13 Early 2022"]
[White "Korchmar, Vasiliy"]
[Black "Goltseva, Ekaterina"]
[WhiteFideId "24131750"]
[BlackFideId "24173770"]
[WhiteElo "2370"]
[BlackElo "2200"]
[Result "1-0"]
[Round "08"]
[TimeControl "180+1"]
[Date "2022.12.14"]
[WhiteClock "0:00:31"]
[BlackClock "0:00:02"]

1. e4 c5 2. Nf3 e6 3. d4 cxd4 4. Nxd4 Nf6 5. Nc3 Nc6 6. Be2 Bb4 7. O-O O-O 8. Nxc6 bxc6 9. e5 Bxc3 10. bxc3 Nd5 11. Qd4 f6 12. c4 fxe5 13. Qxe5 Nf6 14. Ba3 Rf7 15. Bd6 Ne8 16. Rad1 Rf5 17. Qg3 Nxd6 18. Rxd6 Qf6 19. Bd3 Rg5 20. Qh3 g6 21. f4 Ra5 22. f5 gxf5 23. Bxf5 Rxf5 24. Rxf5 Qxf5 25. Qg3+ Qg6 26. Qe5 Rb8 27. h3 Rb1+ 28. Kh2 Rf1 29. Rd3 Rf5 30. Qb8 Qe8 31. Rg3+ Kf7 32. Qxa7 Rf6 33. a4 Qe7 34. Qb8 Qd8 35. a5 d5 36. a6 dxc4 37. a7 1-0


[Site "https://www.chess.com"]

[Event "Titled Tuesday Blitz December 13 Early 2022"]
[White "Kriti Mayur Patel"]
[Black "Makhmudov, Shukhrat"]
[WhiteFideId "35061780"]
[BlackFideId "14200775"]
[WhiteElo "1306"]
[BlackElo "2135"]
[Result "1-0"]
[Round "08"]
[TimeControl "180+1"]
[Date "2022.12.14"]
[WhiteClock "0:00:22"]
[BlackClock "0:01:14"]

1. e4 e5 2. Nf3 Nc6 3. Bc4 Nf6 4. d3 Bc5 5. c3 Bb6 6. Nbd2 d6 7. Bb3 Ne7 8. h3 c6 9. Nf1 Ng6 10. Ng3 O-O 11. O-O h6 12. Nh2 d5 13. Qf3 Nh4 14. Qe2 Re8 15. Nh5 Ng6 16. Qf3 Nxh5 17. Qxh5 dxe4 18. Qxg6 Be6 19. Qxe4 Bd5 20. Qg4 Re6 21. Be3 Rg6 22. Bxd5 Rxg4 23. Bxf7+ Kxf7 24. Nxg4 Bc7 25. d4 e4 26. f3 exf3 27. Rxf3+ Kg8 28. Raf1 Qd5 29. Bxh6 gxh6 30. Nf6+ Kg7 31. Nxd5 cxd5 32. Rf7+ Kg6 33. Rxc7 1-0


[Site "https://www.chess.com"]

[Event "Titled Tuesday Blitz December 13 Early 2022"]
[White "Krzywda, Andrzej"]
[Black "Bazarov, Konstantin"]
[WhiteFideId "1114565"]
[BlackFideId "4137000"]
[WhiteElo "2149"]
[BlackElo "2228"]
[Result "0-1"]
[Round "08"]
[TimeControl "180+1"]
[Date "2022.12.14"]
[WhiteClock "0:01:03"]
[BlackClock "0:01:55"]

1. e4 c6 2. d4 d5 3. exd5 cxd5 4. Bd3 Nc6 5. c3 Nf6 6. Bf4 Bg4 7. Qb3 Qd7 8. Nd2 e6 9. Ngf3 Bxf3 10. Nxf3 Bd6 11. Bxd6 Qxd6 12. O-O O-O 13. Rae1 Nd7 14. Qc2 g6 15. Qe2 Qf4 16. g3 Qf6 17. Kg2 a6 18. a4 Rfe8 19. Ne5 Ncxe5 20. dxe5 Qe7 21. h4 Rac8 22. h5 Kg7 23. Rh1 Qg5 24. f4 Qe7 25. Qg4 Rh8 26. h6+ Kf8 27. Rhf1 Ke8 28. a5 Kd8 29. Qe2 Qc5 30. Qe3 Qxa5 31. Ra1 Qb6 32. Qf3 Qxb2+ 33. Rf2 Qxa1 0-1


[Site "https://www.chess.com"]

[Event "Titled Tuesday Blitz December 13 Early 2022"]
[White "Kuderinov, Kirill"]
[Black "Przybylski, Wojciech"]
[WhiteFideId "13701568"]
[BlackFideId "1117599"]
[WhiteElo "2459"]
[BlackElo "2217"]
[Result "1-0"]
[Round "08"]
[TimeControl "180+1"]
[Date "2022.12.14"]
[WhiteClock "0:00:13"]
[BlackClock "0:00:02"]

1. e4 e5 2. Nf3 Nc6 3. Bc4 Nf6 4. d3 Be7 5. O-O O-O 6. c3 d5 7. exd5 Nxd5 8. Re1 Bf6 9. Nbd2 Bg4 10. h3 Bh5 11. Ne4 Be7 12. Ng3 Bg6 13. Nxe5 Nxe5 14. Rxe5 Nb6 15. Re1 Nxc4 16. dxc4 Bd6 17. Qf3 Qh4 18. b3 Rfe8 19. Be3 Bxg3 20. fxg3 Qe4 21. Qf2 a6 22. Bd4 Qf5 23. Qxf5 Bxf5 24. g4 Be4 25. Kf2 f6 26. Rad1 Kf7 27. Be3 Bc6 28. Bf4 Rxe1 29. Rxe1 Rc8 30. g3 Bd7 31. Rd1 Be6 32. c5 c6 33. c4 Rh8 34. Kf3 h5 35. gxh5 Rxh5 36. Rd8 g5 37. Bd6 Rxh3 38. Kg2 Rh7 39. Rb8 Kg6 40. Kf3 Rf7 41. a4 Bf5 42. a5 Bc2 43. b4 Bd3 44. Rg8+ Kh7 45. Re8 Bxc4 46. g4 Bd5+ 47. Ke3 Kg6 48. Kd4 Bf3 49. Rg8+ Kh7 50. Re8 Bxg4 51. Ke3 Bf5 52. Kf3 Kg7 53. Kg3 Bd3 54. Kf3 Bc2 55. Kg3 Bb3 56. Kf3 Bd1+ 57. Kg3 Bh5 58. Kh3 Kg6 59. Kg3 Kf5 60. Rh8 Bd1 61. Re8 Bb3 62. Kf3 Bd5+ 63. Kg3 Rh7 64. Rf8 Bc4 65. Re8 Bf1 66. Rf8 Bd3 67. Kf3 Bc4 68. Kg3 Bd5 69. Kf2 Ke6 70. Re8+ Kf7 71. Rf8+ Kg7 72. Kg3 f5 73. Rxf5 Kg6 74. Rf8 Rf7 75. Rb8 Kf5 76. Re8 Rg7 77. Re5+ Kf6 78. Re8 Rf7 79. Be5+ Kf5 80. Bd6 Be6 81. Kf3 g4+ 82. Kg3 Rh7 83. Rf8+ Bf7 84. Bb8 Rh3+ 85. Kg2 Ke6 86. Bd6 Bg6 87. Rg8 Be4+ 88. Kf2 Bf3 89. Rg7 Kd5 90. Rxb7 Rh6 91. Rb6 Re6 92. Rxa6 Re2+ 93. Kg3 Rb2 94. Rb6 Rg2+ 95. Kh4 Be2 96. a6 Rg1 97. a7 Ra1 98. Bb8 Ke4 99. Kg3 Rg1+ 100. Kf2 Rh1 101. Kxe2 Ra1 102. Kf2 Ra2+ 103. Kg3 Kd5 104. Kxg4 Ra4 105. Kf5 Kc4 106. Ke6 Ra1 107. Kd6 Rh1 108. Kxc6 1-0


[Site "https://www.chess.com"]

[Event "Titled Tuesday Blitz December 13 Early 2022"]
[White "Kuzmin, Roman"]
[Black "Hoang, Canh Huan"]
[WhiteFideId "44134932"]
[BlackFideId "12400599"]
[WhiteElo "2180"]
[BlackElo "2283"]
[Result "1-0"]
[Round "08"]
[TimeControl "180+1"]
[Date "2022.12.14"]
[WhiteClock "0:00:20"]
[BlackClock "0:00:04"]

1. e4 c5 2. Nf3 d6 3. d4 cxd4 4. Nxd4 Nf6 5. Nc3 g6 6. Be3 Bg7 7. Be2 O-O 8. Qd2 Nc6 9. O-O-O Nxd4 10. Bxd4 Be6 11. Kb1 Qc7 12. h4 Rfc8 13. f3 Qa5 14. Bxf6 Bxf6 15. Nd5 Qa4 16. Nxf6+ exf6 17. b3 Qc6 18. c4 Rd8 19. h5 g5 20. Qd4 Qc5 21. Qxf6 Qe5 22. Qxe5 dxe5 23. g4 b6 24. Kc2 Kf8 25. Rxd8+ Rxd8 26. Rd1 Ke7 27. Rxd8 Kxd8 28. Kc3 Kd7 29. Kb4 Kd6 30. Kb5 Bc8 31. b4 Kc7 32. a3 a6+ 33. Ka4 Bd7+ 34. Kb3 Kd6 35. c5+ bxc5 36. bxc5+ Kxc5 37. Bxa6 Kd4 38. a4 Ke3 39. a5 Bc6 40. Kb4 Kxf3 41. Kc5 Bxe4 42. Bc8 Kf4 43. a6 Bf3 44. a7 e4 45. a8=Q e3 46. Qa4+ Kg3 47. Qd4 Kf2 48. Ba6 h6 49. Kd6 Bg2 50. Ke5 Bh3 51. Kf6 Bg2 52. Kxf7 Bf3 53. Kg6 Kg3 54. Qxe3 1-0


[Site "https://www.chess.com"]

[Event "Titled Tuesday Blitz December 13 Early 2022"]
[White "La Villa Rivas, Marlon Javier"]
[Black "Dias, Joao Batista"]
[WhiteFideId "3519546"]
[BlackFideId "2108240"]
[WhiteElo "2135"]
[BlackElo "1898"]
[Result "1-0"]
[Round "08"]
[TimeControl "180+1"]
[Date "2022.12.14"]
[WhiteClock "0:00:53"]
[BlackClock "0:01:37"]

1. e4 e5 2. Nf3 Nc6 3. Bb5 Nf6 4. O-O d6 5. Bxc6+ bxc6 6. d4 exd4 7. Qxd4 Be7 8. Nbd2 O-O 9. Nc4 Be6 10. Ne3 Qd7 11. e5 Ne8 12. b3 c5 13. Qf4 g6 14. Bb2 Ng7 15. exd6 cxd6 16. Rad1 f6 17. Nd5 Bxd5 18. Rxd5 Qe6 19. c4 Rad8 20. Re1 Qf7 21. Nd2 Rfe8 22. Ne4 Nh5 23. Rxh5 gxh5 24. Bxf6 Bxf6 25. Nxf6+ Kf8 26. Rxe8+ Rxe8 27. Qh6+ Ke7 28. Nxe8 Kxe8 29. Qxd6 Qf5 30. h3 Qb1+ 31. Kh2 Qxa2 32. Qe5+ Kd7 33. Qd5+ Ke8 34. Qxh5+ Kd7 35. Qxh7+ Kc6 36. Qg6+ Kc7 37. Qf7+ Kb6 38. Qe6+ Kc7 39. Qe7+ Kc6 40. Qe8+ Kc7 41. Qb5 Qxf2 42. Qa5+ Kc6 43. Qa6+ Kd7 44. Qxa7+ Ke6 45. Qb6+ Kf5 46. Qh6 Ke4 47. Qe6+ Kd3 48. Qg4 Kc3 49. Qg3+ Qxg3+ 50. Kxg3 Kxb3 51. h4 Kxc4 52. h5 Kd5 53. h6 c4 54. h7 c3 55. h8=Q c2 56. Qc3 1-0


[Site "https://www.chess.com"]

[Event "Titled Tuesday Blitz December 13 Early 2022"]
[White "Lenderman, Aleksandr"]
[Black "Morefield, Jason"]
[WhiteFideId "2021285"]
[BlackFideId "30920825"]
[WhiteElo "2607"]
[BlackElo "2171"]
[Result "1-0"]
[Round "08"]
[TimeControl "180+1"]
[Date "2022.12.13"]
[WhiteClock "0:02:15"]
[BlackClock "0:01:03"]

1. e4 c5 2. d4 cxd4 3. c3 Nf6 4. e5 Nd5 5. Nf3 Nc6 6. cxd4 d6 7. Bc4 dxe5 8. dxe5 Be6 9. O-O g6 10. Qe2 Qa5 11. Bd2 Qb6 12. Nc3 Nxc3 13. Bxc3 Bxc4 14. Qxc4 e6 15. Ng5 Bg7 16. Rae1 O-O 17. Qh4 h6 18. Ne4 Qc7 19. Nf6+ Kh8 20. Bd2 h5 21. Re4 Ne7 22. g4 Rad8 23. gxh5 Nf5 24. hxg6+ Nxh4 25. Rxh4+ Bh6 26. Bxh6 Rd4 27. g7# 1-0


[Site "https://www.chess.com"]

[Event "Titled Tuesday Blitz December 13 Early 2022"]
[White "Liu, Casper"]
[Black "Jaskolka, Tomasz"]
[WhiteFideId "1454153"]
[BlackFideId "1170791"]
[WhiteElo "2217"]
[BlackElo "2126"]
[Result "1-0"]
[Round "08"]
[TimeControl "180+1"]
[Date "2022.12.14"]
[WhiteClock "0:00:33"]
[BlackClock "0:00:30"]

1. b3 d5 2. g3 e5 3. Bb2 Nc6 4. Bg2 Nf6 5. d3 Bf5 6. Nf3 e4 7. Nfd2 exd3 8. cxd3 Bc5 9. O-O O-O 10. Nc3 Re8 11. Nxd5 Nxd5 12. e4 Ndb4 13. exf5 Nxd3 14. Bc3 Qe7 15. Qg4 f6 16. Qc4+ Kh8 17. Qxd3 Rad8 18. Qc2 Qe2 19. Rac1 Nd4 20. Qb2 Bb6 21. Nc4 Nf3+ 22. Kh1 Qe4 23. Nd2 Rxd2 24. Bxd2 Qe2 25. Bc3 Qe4 26. Rce1 Qc6 27. Rxe8+ Qxe8 28. Bxf3 h6 29. Qe2 Qd7 30. Rd1 Qxf5 31. Rd8+ Kh7 32. Be4 g6 33. Bxf5 gxf5 34. Qe8 Kg7 35. Qg8# 1-0


[Site "https://www.chess.com"]

[Event "Titled Tuesday Blitz December 13 Early 2022"]
[White "Ljukin, Sergei"]
[Black "Hrabinska, Myroslava"]
[WhiteFideId "14102200"]
[BlackFideId "14109190"]
[WhiteElo "2312"]
[BlackElo "2171"]
[Result "0-1"]
[Round "08"]
[TimeControl "180+1"]
[Date "2022.12.14"]
[WhiteClock "0:00:13"]
[BlackClock "0:00:45"]

1. e4 c5 2. Nf3 e6 3. d4 cxd4 4. Nxd4 a6 5. Bd3 Nc6 6. Nxc6 dxc6 7. O-O e5 8. Nd2 Nf6 9. Nc4 Qc7 10. Bd2 b5 11. Ba5 Qe7 12. Nb6 Rb8 13. Nxc8 Rxc8 14. Qf3 Qe6 15. a4 Bc5 16. Rfc1 Ng4 17. Be1 h5 18. axb5 axb5 19. Ra6 Rh6 20. Bxb5 Rf6 21. Qc3 Bd4 22. Qd3 Nxf2 23. Bxf2 Rxf2 24. Kh1 Qg4 25. Rg1 cxb5 26. Qxb5+ Kf8 0-1


[Site "https://www.chess.com"]

[Event "Titled Tuesday Blitz December 13 Early 2022"]
[White "Lopez Idarraga, Daniel Eduardo"]
[Black "Roque Sola, Gisela"]
[WhiteFideId "4405501"]
[BlackFideId "5120241"]
[WhiteElo "2064"]
[BlackElo "1961"]
[Result "1-0"]
[Round "08"]
[TimeControl "180+1"]
[Date "2022.12.14"]
[WhiteClock "0:01:03"]
[BlackClock "0:01:10"]

1. b3 e5 2. Bb2 Nc6 3. e3 d5 4. Bb5 Bd6 5. f4 Qe7 6. Nf3 Bg4 7. fxe5 Bxf3 8. Qxf3 Bxe5 9. Nc3 Nf6 10. O-O-O a6 11. Bxc6+ bxc6 12. Rhe1 O-O 13. d4 Bd6 14. e4 dxe4 15. Nxe4 Nxe4 16. Rxe4 Qg5+ 17. Kb1 Rfe8 18. Rg4 Qe3 19. Qxc6 Qe2 20. Qf3 Qxf3 21. gxf3 Bxh2 22. d5 Be5 23. Re4 Bxb2 24. Kxb2 f5 25. Rc4 Ra7 26. d6 cxd6 27. Rxd6 Kf7 28. f4 h6 29. Rcc6 a5 30. Kc3 Re4 31. Rd4 Rxd4 32. Kxd4 a4 33. b4 Rb7 34. a3 h5 35. c4 h4 36. Rc8 Re7 37. Rh8 Re4+ 38. Kd5 Rxf4 39. b5 g6 40. b6 Kg7 41. b7 1-0


[Site "https://www.chess.com"]

[Event "Titled Tuesday Blitz December 13 Early 2022"]
[White "Madaminov, Mukhiddin"]
[Black "Demin, Vladimir"]
[WhiteFideId "14210703"]
[BlackFideId "4167457"]
[WhiteElo "2333"]
[BlackElo "2609"]
[Result "0-1"]
[Round "08"]
[TimeControl "180+1"]
[Date "2022.12.13"]
[WhiteClock "0:00:02"]
[BlackClock "0:00:15"]

1. d4 d5 2. Nc3 c6 3. Bf4 Nf6 4. e3 Bf5 5. f3 h5 6. Bd3 e6 7. e4 dxe4 8. fxe4 Bg4 9. Nge2 Nbd7 10. h3 Bxe2 11. Nxe2 c5 12. c3 Qb6 13. Qb3 cxd4 14. Qxb6 axb6 15. cxd4 Bb4+ 16. Kf2 O-O 17. a3 Be7 18. Nc3 Rac8 19. e5 Nd5 20. Nxd5 exd5 21. Bf5 Rfd8 22. Rhc1 Rc6 23. e6 Nf6 24. exf7+ Kxf7 25. Rxc6 bxc6 26. Bc7 Ra8 27. Rc1 c5 28. Bxb6 c4 29. Rc2 Bd6 30. Re2 Rb8 31. Ba5 Rb3 32. Ke1 g6 33. Bc2 Rb8 34. Bc3 Bg3+ 35. Kd1 h4 36. a4 g5 37. Bf5 Ra8 38. a5 Bc7 39. Be6+ Kg7 40. Bd2 Kg6 41. Bc1 Rxa5 0-1


[Site "https://www.chess.com"]

[Event "Titled Tuesday Blitz December 13 Early 2022"]
[White "Maghsoodloo, Parham"]
[Black "Alexakis, Dimitris"]
[WhiteFideId "12539929"]
[BlackFideId "4277023"]
[WhiteElo "2672"]
[BlackElo "2470"]
[Result "1-0"]
[Round "08"]
[TimeControl "180+1"]
[Date "2022.12.13"]
[WhiteClock "0:00:23"]
[BlackClock "0:00:01"]

1. d4 Nf6 2. c4 e6 3. Nf3 c5 4. d5 d6 5. Nc3 exd5 6. cxd5 a6 7. a4 g6 8. e4 Bg4 9. Be2 Bxf3 10. Bxf3 Nbd7 11. O-O Bg7 12. Re1 O-O 13. Bf4 Qe7 14. Qd2 Rab8 15. h3 h5 16. g3 Nh7 17. Bg2 c4 18. Bf1 Rfc8 19. a5 h4 20. gxh4 Ne5 21. Kg2 b5 22. axb6 Rxb6 23. Bg3 Rcb8 24. Ra2 Nf6 25. Be2 Nfd7 26. Na4 Rb3 27. Bd1 R3b4 28. Bc2 Qf6 29. Qe2 Nd3 30. Bxd3 cxd3 31. Qxd3 Ne5 32. Qe2 Nc4 33. Rc1 Qd4 34. Rd1 Qf6 35. Rd3 Nxb2 36. e5 Qf5 37. Nxb2 Rxb2 38. Rxb2 Rxb2 39. Qxb2 Qxd3 40. Qb8+ Bf8 41. exd6 Qxd5+ 42. Kh2 f6 43. Qe8 Kg7 44. d7 Be7 45. Qxe7+ 1-0


[Site "https://www.chess.com"]